 Dungeon Crawl Stone Soup version 0.19-a0-1740-g0bcaf2e (webtiles) character file.

27 4thArraOfDagon the Ducker (level 2, 2/36 HPs)
             Began as a Vampire Monk on Oct 2, 2016.
             Quit the game on level 4 of the Dungeon.
             The game lasted 00:01:23 (422 turns).

4thArraOfDagon the Ducker (Vampire Monk)             Turns: 422, Time: 00:01:23

Health: 2/36       AC: 21    Str: 10      XL:     2   Next: 93%
Magic:  2/2        EV:  2    Int: 12      God:
Gold:   52         SH:  0    Dex: 15 (16) Spells: 0 memorised, 1 level left

rFire  . . .     SeeInvis +     a - +0 falchion
rCold  . . .     Gourm    .     (armour currently unavailable)
rNeg   + + +     Faith    .     (no shield)
rPois  +         Spirit   .     (helmet currently unavailable)
rElec  .         Dismiss  .     (cloak currently unavailable)
rCorr  .         Reflect  .     (gloves currently unavailable)
MR     .....     Harm     .     (boots currently unavailable)
Stlth  +++....... NoTele   +    (no amulet)
                                (no ring)
                                (no ring)

@: tree-form, regenerating quickly
A: (fangs 0), see invisible, (unbreathing)
a: no special abilities


You were on level 4 of the Dungeon.
You were full.
You were a tree.
You visited 1 branch of the dungeon, and saw 4 of its levels.

You collected 52 gold pieces.

Inventory:

Hand Weapons
 a - a +0 falchion (weapon)
Armour
 b - a +0 robe
 e - a +0 ring mail (melded)
Scrolls
 d - a scroll of fog {unknown}
 g - a scroll of teleportation {unknown}
 i - a scroll of recharging {unknown}
Potions
 c - a potion of blood


   Skills:
 + Level 3.0 Fighting
 * Level 3.5 Long Blades
 + Level 3.7 Dodging
 - Level 3.0 Stealth


You had one spell level left.
You didn't know any spells.

Dungeon Overview and Level Annotations

Branches:
Dungeon (4/15)
 Temple: D:4-7

Altars:

Annotations:
D:4 Eustachio, Pikel


Innate Abilities, Weirdness & Mutations

Your natural rate of healing is unusually fast.
((You have razor-sharp teeth.))
You have supernaturally acute eyesight. (SInv)
((You can survive without breathing.))


Message History

The hound bites you.
* * * LOW HITPOINT WARNING * * *
It was a potion of lignification.
You turn into a tree.
Your +0 ring mail melds into your body.
Your roots penetrate the ground.
The hound bites you but does no damage. x2
You hit the hound.
The hound is moderately wounded.
The hound bites you but does no damage.
You hit the hound but do no damage.
The hound is moderately wounded.
The hound bites you but does no damage. The hound bites you.
* * * LOW HITPOINT WARNING * * *
You hit the hound.
The hound is moderately wounded.
The hound bites you but does no damage. The hound bites you.
* * * LOW HITPOINT WARNING * * *
Unknown command.
It was a potion of magic.
Magic courses through your body. The hound bites you but does no damage.
Are you sure you want to abandon this character and quit the game? (Confirm with "yes".)

#$.......#######
..........
############
#..♣hSpppK.#
#.########.### #
#p....#######
#.....#.....#
#.....#.....#
#.....#)....#
#.....#.....#
#...p.'.....'
###.....#....(#


You could see Pikel, 3 slaves, a hound and a ball python.

Vanquished Creatures
  2 adders (D:3)
  A dart slug (D:1)
  2 goblins
  A hobgoblin (D:1)
  A jackal skeleton (D:4)
  A kobold (D:1)
  A rat (D:1)
9 creatures vanquished.

Notes
Turn   | Place    | Note
-------+----------+-------------------------------------------
     0 | D:1      | 4thArraOfDagon the Vampire Monk began the quest for the Orb.
     0 | D:1      | Reached XP level 1. HP: 17/17 MP: 1/1
   160 | D:3      | Reached XP level 2. HP: 16/23 MP: 2/2
   291 | D:4      | Noticed Eustachio
   304 | D:4      | Noticed Pikel
   304 | D:4      | Noticed a slave
   305 | D:4      | Noticed a slave
   306 | D:4      | Noticed a slave
   306 | D:4      | Noticed a slave
   422 | D:4      | Quit the game

Vault maps used:
D:1:      lemuel_arrival_behind_the_door_large
D:2:      nicolae_overflow_hidden_temple, first_bread, ecumenical_altar_2,
          fedhas_altar_4
D:4:      uniq_eustachio, uniq_pikel

Skill      XL: |  1  2 |
---------------+-------+-----
Fighting       | 3 |  3.0
Long Blades    | |  3.5
Dodging        | |  3.7
Stealth        | |  3.0

Action                   || total
-------------------------++-------
Melee: Falchion          ||    58
       Bite              ||     3
  Use: Potion            ||     2
       Scroll            ||     1
 Stab: Sleeping          ||     4
  Eat: Corpse            ||     4
Armor: Ring mail         ||    29
       Robe              ||     3
       Skin              ||     6
Dodge: Dodged            ||    67
